Cogmind - Beta 11 X8 @@@ ROGUE MODE // 2021.11.15 @ 00:47:59 Player: raddakar Result: Destroyed by G-73 Enforcer with Phase Gun Performance ------------- Evolutions (9) 4500 Regions Visited (24) 4800 Robots Destroyed (421) 2105 Value Destroyed (23182) 23182 Prototype IDs (43) 860 Alien Tech Used (0) 0 Bonus (9882) 9882 TOTAL SCORE: 45329 Bonus ------- High Alert Combat Kills 5496 Follower Combat Kills 1165 Entered Garrisons 1000 Used RIF Installer 2500 Aligned with FarCom 300 Friendly Fire -579 Cogmind --------- Core Integrity 0/1600 Matter 430/550 Energy 6/600 System Corruption 91% Temperature Cool (27) Movement Immobile (Siege) Ox1 Location -1/Access Parts ------- > --- POWER (2) -------- (None) > --- PROPULSION (6) --- Biometal Heavy Treads > --- UTILITY (13) ----- Advanced Coolant Injector High-capacity Storage Unit Advanced Energy Well Matter Compressor Advanced Force Field > --- WEAPON (4) ------- Enhanced Nova Cannon Enhanced Nova Cannon Force Lance > --- INVENTORY (20) --- Improved Heavy Siege Treads Phase Gun Peak State ------------ > --- POWER ------------ Light Antimatter Reactor Quantum Reactor > --- PROPULSION ------- Biometal Heavy Treads Biometal Heavy Treads Biometal Heavy Treads > --- UTILITY ---------- Advanced Heat Sink Advanced Heat Sink High-capacity Storage Unit Enhanced Optical Array Advanced Targeting Computer Advanced Target Analyzer Advanced Phase Shifter Improved Core Shielding Thermal Barrier Hacking Suite Advanced Hacking Suite Experimental Hacking Suite Advanced System Shield > --- WEAPON ----------- Gamma Rifle Matter Neutralizer KE Penetrator KE Penetrator > --- INVENTORY -------- Quantum Reactor Light Quantum Reactor Improved Heavy Treads Biometal Heavy Treads Biometal Heavy Treads Biometal Heavy Treads Advanced Coolant Injector Advanced Energy Well Matter Compressor Advanced Phase Shifter Gamma Rifle Gamma Rifle Enhanced Nova Cannon Fusion Bomb Launcher Advanced Remote Datajack Force Lance [Rating: 187] Favorites ----------- Power Micro Fission Core Engine Improved Ion Engine Power Core Micro Fission Core Reactor Quantum Reactor Propulsion Light Treads Treads Light Treads Leg Enhanced Armored Leg Flight Unit Improved Q-thruster Utility Advanced Heat Sink Device Advanced Heat Sink Storage High-capacity Storage Unit Processor Advanced Targeting Computer Hackware Experimental Hacking Suite Protection Improved Light Armor Plating Weapon KE Penetrator Energy Gun Gamma Rifle Energy Cannon Enhanced Nova Cannon Ballistic Gun KE Penetrator Ballistic Cannon Mass Driver Launcher Mini Grenade Launcher Special Weapon Remote Datajack Slashing Weapon Axe Piercing Weapon Force Lance Special Melee Weapon Advanced Datajack Build | -11 -10 -10 -10 -9 -8 -7 -7 -7 -7 -6 -6 -6 -5 -5 -4 -4 -4 -4 -4 -3 -3 -3 -2 -1 ------- Run | Scr Mat Min Exi Min Mat Fac Gar Fac Gar Fac Gar Fac Fac Gar Fac Ext Cet Arc Hub Res Gar Res Res Acc Slots Evolved 18 | . . . . . 4 2 . . . 2 . . 2 . 2 . . . . 2 . . 2 2 Power 1 | . . . . . . . . . . . . . 1 . . . . . . . . . . . Propulsion 4 | . . . . . . 2 . . . . . . . . . . . . . 2 . . . . Utility 11 | . . . . . 2 . . . . 2 . . 1 . 2 . . . . . . . 2 2 Weapon 2 | . . . . . 2 . . . . . . . . . . . . . . . . . . . Parts Attached 529 | . 6 2 1 . 23 10 21 9 17 1 59 23 1 9 38 22 15 7 23 3 36 10 38 155 Power 50 | . . 1 . . 4 . 1 . 1 1 5 2 . 1 4 2 2 1 3 . 3 . 3 16 Engine 13 | . . 1 . . 4 . 1 . 1 . 4 2 . . . . . . . . . . . . Core 8 | . . . . . . . . . . 1 1 . . 1 1 2 1 . . . 1 . . . Reactor 29 | . . . . . . . . . . . . . . . 3 . 1 1 3 . 2 . 3 16 Propulsion 107 | . 2 . . . 3 4 4 4 5 . 17 5 . . 8 . 3 2 6 1 6 3 5 29 Treads 70 | . 2 . . . 3 4 . 3 5 . 5 4 . . 3 . . . 5 1 6 3 4 22 Leg 36 | . . . . . . . 4 1 . . 12 1 . . 5 . 3 2 1 . . . . 7 Wheel . | . . . . . . . . . . . . . . . . . . . . . . . . . Hover . | . . . . . . . . . . . . . . . . . . . . . . . . . Flight 1 | . . . . . . . . . . . . . . . . . . . . . . . 1 . Utility 171 | . 2 . 1 . 4 2 4 1 3 . 19 4 1 4 13 12 4 2 9 . 14 3 15 54 Device 96 | . . . . . 1 . . . . . 13 3 . 3 8 4 . . 5 . 10 1 11 37 Storage 13 | . 1 . 1 . . . . . . . . . . . 1 2 . . 2 . . . . 6 Processor 10 | . 1 . . . . . . . . . . 1 . . 2 1 . . . . . 1 1 3 Hackware 10 | . . . . . . . . . 1 . 3 . . . 1 . 1 . . . 1 . . 3 Protection 42 | . . . . . 3 2 4 1 2 . 3 . 1 1 1 5 3 2 2 . 3 1 3 5 Artifact . | . . . . . . . . . . . . . . . . . . . . . . . . . Weapon 201 | . 2 1 . . 12 4 12 4 8 . 18 12 . 4 13 8 6 2 5 2 13 4 15 56 Energy Gun 23 | . . . . . . 1 . . . . 5 1 . . . . . . . 1 1 . 2 12 Energy Cannon 8 | . . . . . . . . . . . . . . . . . . . 1 . 1 . . 6 Ballistic Gun 122 | . 2 1 . . 12 2 8 4 6 . 6 10 . 4 12 6 5 2 2 . 8 3 10 19 Ballistic Cannon 4 | . . . . . . . . . . . 2 1 . . . . . . . . . . . 1 Launcher 12 | . . . . . . . 4 . 1 . . . . . 1 . 1 . 1 . . . . 4 Special Weapon 5 | . . . . . . 1 . . 1 . 3 . . . . . . . . . . . . . Impact Weapon . | . . . . . . . . . . . . . . . . . . . . . . . . . Slashing Weapon 4 | . . . . . . . . . . . 2 . . . . . . . 1 1 . . . . Piercing Weapon 21 | . . . . . . . . . . . . . . . . . . . . . 3 1 3 14 Special Melee Weapon 2 | . . . . . . . . . . . . . . . . 2 . . . . . . . . Unidentified Prototypes 20 | . . . . . 1 1 . . . . . . . . 3 2 1 . 3 . . . 5 4 Corrupted Parts 13 | . . . . . . . . . . . . . . . . 1 . . 7 . 1 . 1 3 System Corruption 70 | . . . . . . . . . . . . . . . . 4 . . 48 . 1 . 2 15 Parts Lost 182 | . . 2 . . 4 1 8 . 1 . 27 . . . 14 1 2 . 15 . 20 . 2 85 Power 27 | . . 1 . . . . 1 . . . 4 . . . 2 . 1 . 1 . 3 . . 14 Propulsion 42 | . . . . . 2 . 4 . . . 11 . . . 5 . . . 4 . 3 . . 13 Utility 59 | . . . . . . 1 1 . . . 6 . . . 3 1 1 . 5 . 8 . 1 32 Weapon 54 | . . 1 . . 2 . 2 . 1 . 6 . . . 4 . . . 5 . 6 . 1 26 Highest Loss Streak 18 | . . 2 . . 3 1 6 . 1 . 15 . . . 10 1 1 . 15 . 9 . 1 18 Average Slot Usage (%) 88 | . 92 97 100 100 89 92 95 98 98 85 89 99 88 93 91 97 96 95 77 80 80 83 81 78 Engine 3 | . 14 11 14 14 9 7 6 7 7 . 4 6 5 5 3 . . . . . . . . . Core 1 | . . . . . . . . . . 5 1 . . 4 3 4 7 7 4 . 1 4 3 . Reactor 3 | . . . . . . . . . . . . . . . 2 5 1 2 2 9 6 4 4 7 Treads 14 | . 4 28 28 28 17 30 15 5 28 26 13 21 23 23 14 . . . 5 14 16 17 12 10 Leg 5 | . 23 . . . . . 11 22 . . 9 4 . . 5 21 21 21 9 . . . . 3 Device 12 | . . . . . 3 . . . . . 15 26 23 17 16 13 5 5 8 14 13 18 16 18 Storage 5 | . 14 14 14 14 9 7 7 7 7 6 5 . . . 4 5 5 5 7 9 7 4 4 4 Processor 8 | . 8 14 14 14 9 7 7 7 3 . . 5 5 5 9 12 10 10 10 9 7 5 12 10 Hackware 3 | . . . . . . . . . 3 6 7 . . . 4 5 7 10 7 4 4 4 4 7 Protection 6 | . . . . . 5 7 14 15 15 13 6 5 5 10 4 6 15 11 2 . 2 3 4 3 Energy Gun 1 | . 1 . . . . . . . . . 3 4 . . . . . . . 3 1 . 1 1 Ballistic Gun 18 | . 25 28 28 28 35 29 26 23 23 26 4 20 23 23 20 20 19 21 10 9 12 18 14 8 Naked Turns . | . . . . . . . . . . . . . . . . . . . . . . . . . Heaviest Build 182 | 11 17 17 27 27 54 54 54 45 48 48 70 51 64 79 100 115 110 111 162 162 182 129 148 148 Greatest Support 240 | 20 40 40 40 40 40 80 80 85 80 80 90 90 90 90 90 85 95 95 160 240 240 210 230 240 Greatest Overweight (x) 2 | . . . . . 1 . 1 1 . . 1 . . . 2 1 1 1 1 . . . . 1 Average Overweight (x) . | . . . . . . . . . . . . . . . . . . . . . . . . . Largest Inventory Capacity 20 | 8 10 10 15 15 15 15 15 15 15 15 15 5 5 5 15 20 20 20 20 20 20 20 20 20 Average Capacity 16 | 8 9 10 13 15 15 15 15 15 15 15 13 5 5 5 14 19 20 20 20 20 20 20 20 20 Most Carried 20 | 6 10 10 12 12 15 15 15 15 15 15 15 5 5 5 15 20 20 20 20 15 20 20 20 20 Average Carried 15 | 6 9 9 10 12 14 14 13 14 14 14 13 4 3 4 12 19 18 19 16 14 16 19 19 17 Final Capacity 20 | 8 10 10 15 15 15 15 15 15 15 15 5 5 5 5 15 20 20 20 20 20 20 20 20 20 Final Carried 20 | 6 10 10 12 12 15 14 15 15 14 14 5 5 4 5 15 20 20 20 14 15 20 20 19 3 Class Distribution -------------------- 40% | Scavenger-Tank 14% | Scavenger-Mutant 12% | Scavenger-Skirmisher 8% | Skirmisher 7% | Scavenger-Gunner 5% | Mutant 3% | Hacker-Mutant Dominant Class ---------------- Mutant | -10/Materials Mutant | -10/Mines Mutant | -10/Exiles Mutant | -9/Mines Scavenger-Skirmisher | -8/Materials Skirmisher | -7/Factory Tank | -7/Garrison Bothacker-Tank | -7/Factory Scavenger-Mutant | -7/Garrison Scavenger-Tank | -6/Factory Scavenger-Mutant | -6/Garrison Scavenger-Tank | -6/Factory Scavenger-Tank | -5/Factory Scavenger-Tank | -5/Garrison Scavenger-Tank | -4/Factory Scavenger-Skirmisher | -4/Extension Scavenger-Tank | -4/Cetus Scavenger-Skirmisher | -4/Archives Scavenger-Mutant | -4/Hub_04(d) Scavenger-Skirmisher | -3/Research Scavenger-Tank | -3/Garrison Scavenger-Tank | -3/Research Scavenger-Tank | -2/Research Scavenger-Gunner | -1/Access Resources | -11 -10 -10 -10 -9 -8 -7 -7 -7 -7 -6 -6 -6 -5 -5 -4 -4 -4 -4 -4 -3 -3 -3 -2 -1 ----------- Run | Scr Mat Min Exi Min Mat Fac Gar Fac Gar Fac Gar Fac Fac Gar Fac Ext Cet Arc Hub Res Gar Res Res Acc Matter Collected 18057 | 200 171 92 125 16 710 567 637 287 1004 . 622 708 . 524 2247 986 550 364 754 . 1054 417 2019 4003 Remotely 10 | . . . . . . . . . . . . . . . . 10 . . . . . . . . Salvage Created 24411 | . 171 92 . 11 1089 838 574 287 711 . 1072 1199 . 761 2586 1901 721 364 526 . 1336 414 3229 6529 Parts 1129 | . 14 4 . 4 48 40 33 13 33 . 38 49 . 40 111 75 31 16 30 . 54 20 188 288 Haulers Intercepted 6 | . 1 . . . 1 . . . . . . . . . 3 1 . . . . . . . . Recyclers Shooed 13 | . . . . . 1 2 . . . . . 2 . . 1 . . . . . . . 7 . Parts Field Recycled . | . . . . . . . . . . . . . . . . . . . . . . . . . Retrieved Matter . | . . . . . . . . . . . . . . . . . . . . . . . . . Parts Self-Destructed . | . . . . . . . . . . . . . . . . . . . . . . . . . Prevented . | . . . . . . . . . . . . . . . . . . . . . . . . . Kills | -11 -10 -10 -10 -9 -8 -7 -7 -7 -7 -6 -6 -6 -5 -5 -4 -4 -4 -4 -4 -3 -3 -3 -2 -1 ------- Run | Scr Mat Min Exi Min Mat Fac Gar Fac Gar Fac Gar Fac Fac Gar Fac Ext Cet Arc Hub Res Gar Res Res Acc Combat Hostiles Destroyed 365 | . 5 2 . . 21 14 29 4 23 . 21 14 . 21 26 13 9 4 7 . 20 4 39 89 Melee 25 | . . . . . . . . . . . 16 . . . . . . . . . 2 . . 7 Guns 263 | . 5 2 . . 21 14 5 4 10 . 3 14 . 21 26 13 6 4 5 . 17 4 39 50 Cannons 17 | . . . . . . . . . . . . . . . . . . . . . 1 . . 16 AOE 52 | . . . . . . . 24 . 13 . 2 . . . . . . . 2 . . . . 11 Classes Destroyed 20 | . 3 1 . 1 3 1 2 . 1 . . 1 . . 2 2 . . 1 . . . . 2 Worker 28 | . 1 . . . . . . . . . . . . . 4 . . . 3 . . . 9 11 Builder 14 | . . . . . . . . . . . . . . . 3 2 . . 1 . . . 5 3 Tunneler 4 | . . . . 1 . . . . . . . . . . 2 . . . . . . . . 1 Hauler 6 | . 1 . . . 1 . . . . . . . . . 3 1 . . . . . . . . Recycler 17 | . . . . . 2 2 . 1 . . . 3 . . 3 4 . . . . . . 1 1 Carrier 1 | . . . . . . . . . . . . . . . . 1 . . . . . . . . Mechanic 2 | . . . . . . . . . . . . . . . . . . . . . . . . 2 Operator 3 | . . . . . . . . . . . . . . . . . . . 2 . . . 1 . Watcher 4 | . . . . . . . . . . . . . . . 1 1 1 . . . . 1 . . Swarmer 77 | . 5 . . . 6 2 15 2 10 . 7 2 . 16 4 . . . . . 4 . 4 . Saboteur 1 | . . . . . . . . . . . . . . . . . . . . . . . . 1 Grunt 125 | . . 2 . . 10 4 11 . 8 . 10 2 . 2 12 7 2 . 3 . 9 . 7 36 Brawler 5 | . . . . . . . . . . . . . . . . . . . . . 1 . . 4 Duelist 6 | . . . . . . . 1 . . . . . . . . 1 1 . . . . . . 3 Protector 2 | . . . . . . . 1 . . . . . . . . . . . . . . . . 1 Sentry 39 | . . . . . 3 4 . 2 2 . 4 1 . 3 . 4 . 4 . . 4 3 3 2 Specialist 10 | . . . . . 2 . . . 1 . . 2 . . . . . . . . . . . 5 Hunter 31 | . . . . . . . . . 1 . . 2 . . 8 1 . . 4 . 2 . 7 6 Programmer 59 | . . . . . . 4 1 . 1 . . 3 . . 2 . 2 . . . . . 17 29 Heavy 6 | . . . . . . . . . . . . 2 . . . . . . . . . 1 1 2 Cetus Guard 4 | . . . . . . . . . . . . . . . . . 4 . . . . . . . Thug 1 | . . . . . . . . . . . . . . . . 1 . . . . . . . . Savage 1 | . . . . . . . . . . . . . . . . 1 . . . . . . . . Best Kill Streak 18 | . 4 2 . 1 6 3 8 3 8 . 8 4 . 9 18 5 5 2 4 . 6 2 11 9 Combat Bots Only 14 | . 3 2 . . 6 3 8 3 8 . 8 3 . 9 14 2 4 2 3 . 6 2 6 9 Max Kills in Single Turn 4 | . 2 1 . 1 1 1 4 1 2 . 2 2 . 3 2 3 2 1 2 . 1 1 2 3 Gunslinging 1 | . . . . . . . . . . . . . . 1 . 1 . . 1 . . . 1 1 Exploded 4 | . . . . . . . 4 . 2 . 2 . . . . . . . 1 . . . . 2 Melee 1 | . . . . . . . . . . . 1 . . . . . . . . . 1 . . 1 Uniques/NPCs Destroyed . | . . . . . . . . . . . . . . . . . . . . . . . . . Combat | -11 -10 -10 -10 -9 -8 -7 -7 -7 -7 -6 -6 -6 -5 -5 -4 -4 -4 -4 -4 -3 -3 -3 -2 -1 -------- Run | Scr Mat Min Exi Min Mat Fac Gar Fac Gar Fac Gar Fac Fac Gar Fac Ext Cet Arc Hub Res Gar Res Res Acc Damage Taken 54739 | . 286 235 . . 1143 1083 1711 356 1289 . 4061 676 . 499 4038 1660 1257 847 3099 . 5933 163 2428 23975 Core 4154 | . 77 31 . . 78 32 196 57 87 . 368 121 . 23 304 52 107 . 580 . 383 . 49 1609 Absorbed by Shields 6832 | . . . . . . . 43 . . . . . . 176 501 313 50 . 305 . 1751 170 1747 1776 Reduced by Siege Mode 3410 | . . . . . . . . . . . . . . . . . . . . . 149 8 183 3070 Core Remaining (%) 66 | 100 . . . 56 85 . . . 46 . . 42 . 97 . . . . 9 . . 70 96 . Volleys Fired 955 | . 17 11 . 1 47 41 60 16 56 . 28 34 . 30 79 41 24 22 35 . 57 19 103 234 Largest 4 | . 2 2 . 2 4 4 4 3 4 . 4 4 . 4 4 4 4 4 4 . 4 4 4 4 Hottest 270 | . 40 40 . 40 94 100 92 69 94 . 144 196 . 140 140 135 132 132 145 . 245 130 175 270 Shots Fired 2867 | . 34 22 . 2 185 154 103 45 118 . 45 122 . 96 315 163 77 85 84 . 180 52 353 632 Gun 2664 | . 34 22 . 2 185 151 70 45 101 . 32 122 . 96 315 163 71 85 80 . 166 52 353 519 Cannon 114 | . . . . . . . . . . . . . . . . . . . 1 . 14 . . 99 Launcher 72 | . . . . . . . 33 . 16 . . . . . . . 6 . 3 . . . . 14 Special 17 | . . . . . . 3 . . 1 . 13 . . . . . . . . . . . . . Kinetic 2507 | . 34 22 . 2 185 151 70 45 101 . 21 104 . 96 315 163 71 85 80 . 153 52 339 418 Thermal 173 | . . . . . . 3 . . . . 8 18 . . . . . . 1 . 14 . . 129 Explosive 66 | . . . . . . . 33 . 16 . . . . . . . . . 3 . . . . 14 Electromagnetic 107 | . . . . . . . . . . . 3 . . . . . 6 . . . 13 . 14 71 Robot Hit Streak 59 | . 4 8 . 3 15 36 16 7 17 . 7 17 . 11 25 19 8 11 12 . 32 17 59 46 Robot Miss Streak 9 | . 4 2 . . 4 3 3 5 6 . 3 9 . 3 7 5 3 2 5 . 2 2 3 3 Penetration Max 2 | . . . . . . . . . . . . 1 . 1 2 2 1 1 1 . 1 1 1 1 Secondary Targets 59 | . 1 1 . . 2 . . . 3 . 2 1 . 7 11 2 2 1 2 . 5 1 6 12 Max Gunslinging Chain 2 | . 1 1 . . 1 . . . 1 . 1 1 . 2 1 1 1 1 1 . 1 1 1 1 Shots Hit Robots 2111 | . 14 14 . 1 124 111 57 25 68 . 91 77 . 48 208 117 48 59 51 . 161 45 265 527 Core Hits 992 | . 8 5 . 1 53 36 58 12 44 . 44 37 . 28 97 61 28 15 33 . 65 20 117 230 Critical Kills 45 | . . . . . 2 . . . 1 . . 1 . 1 4 4 . 1 1 . 2 . 13 15 Critical Parts Destroyed 67 | . . . . . 1 1 . . 1 . . 6 . . 3 4 1 2 3 . 4 2 12 27 Critical Strikes 131 | . . . . . 4 1 . . 2 . 2 7 . 1 7 8 1 6 6 . 8 3 28 47 Meltdown 2 | . . . . . . . . . . . . . . . . . . . . . . . . 2 Destroy 120 | . . . . . 4 1 . . 2 . . 7 . 1 7 8 1 6 4 . 7 3 28 41 Sever 4 | . . . . . . . . . . . 2 . . . . . . . 2 . . . . . Puncture 5 | . . . . . . . . . . . . . . . . . . . . . 1 . . 4 Melee Attacks 245 | . . . . . . . . . . . 85 . . . . 12 . . 3 . 24 2 21 98 Impact . | . . . . . . . . . . . . . . . . . . . . . . . . . Slashing 88 | . . . . . . . . . . . 85 . . . . . . . 3 . . . . . Piercing 145 | . . . . . . . . . . . . . . . . . . . . . 24 2 21 98 Sneak Attacks 15 | . . . . . . . . . . . . . . . . 12 . . . . . . . 3 Combat Hostiles . | . . . . . . . . . . . . . . . . . . . . . . . . . Follow-up Attacks 6 | . . . . . . . . . . . 6 . . . . . . . . . . . . . Damage Inflicted 62905 | . 202 181 . 11 1603 1849 3136 375 2105 . 2550 2153 . 1247 5557 3816 1812 1493 2006 . 4370 1018 7669 19752 Guns 46043 | . 202 181 . 11 1598 1849 627 375 924 . 418 2149 . 1247 5508 3810 1299 1493 1230 . 3209 1018 7505 11390 Cannons 3837 | . . . . . . . . . . . . . . . . . . . . . 400 . . 3437 Explosions 8378 | . . . . . . . 2505 . 1181 . 112 . . . . . 513 . 685 . . . . 3382 Melee 4108 | . . . . . . . . . . . 2020 . . . . . . . 64 . 761 . . 1263 Ramming 539 | . . . . . 5 . 4 . . . . 4 . . 49 6 . . 27 . . . 164 280 Kinetic 42830 | . 202 181 . 11 1598 1849 627 375 924 . 271 1874 . 1247 5508 3810 1299 1493 1230 . 2951 1018 7148 9214 Thermal 4836 | . . . . . . . . . . . 243 275 . . . . . . . . 400 . . 3918 Explosive 7753 | . . . . . . . 2505 . 1181 . . . . . . . . . 685 . . . . 3382 Electromagnetic 2839 | . . . . . . . . . . . 16 . . . . . 513 . . . 258 . 357 1695 Impact . | . . . . . . . . . . . . . . . . . . . . . . . . . Slashing 2084 | . . . . . . . . . . . 2020 . . . . . . . 64 . . . . . Piercing 2024 | . . . . . . . . . . . . . . . . . . . . . 761 . . 1263 Highest Corruption 91 | . 2 2 2 2 . 4 4 4 4 . . 2 . . . 7 10 10 58 . 2 2 11 91 Average Corruption 16 | . 1 2 2 2 . 2 4 4 4 . . 1 . . . 4 8 10 12 . 1 2 4 44 Corruption Purged . | . . . . . . . . . . . . . . . . . . . . . . . . . Effects 514 | . 1 . 3 4 . 10 27 7 27 . . 1 . . . 26 14 19 29 . . 4 51 291 Message Errors 109 | . . . 1 1 . 3 5 . 7 . . . . . . 7 7 2 3 . . 2 15 56 Matter Fused 113 | . . . . . . 2 10 2 5 . . . . . . 8 3 7 7 . . . 10 59 Heat Flow Errors 49 | . . . 1 1 . . 2 2 4 . . . . . . 1 2 1 5 . . 1 4 25 Energy Discharges 61 | . 1 . 1 . . 3 7 . 5 . . 1 . . . 5 . 3 2 . . 1 6 26 Parts Rejected 6 | . . . . . . . . . 1 . . . . . . . . . . . . . 1 4 Data Loss (minor) 67 | . . . . 2 . 1 2 . 4 . . . . . . 4 1 1 6 . . . 8 38 Data Loss (major) 12 | . . . . . . . . . . . . . . . . . . . 2 . . . 2 8 Misfires 19 | . . . . . . . . . . . . . . . . . . 1 1 . . . 2 15 Alerts 9 | . . . . . . . . . . . . . . . . . . . 2 . . . . 7 Misdirections 11 | . . . . . . . . . . . . . . . . . . . . . . . . 11 Weapon Failures 58 | . . . . . . 1 1 3 1 . . . . . . 1 1 4 1 . . . 3 42 Overload Shots . | . . . . . . . . . . . . . . . . . . . . . . . . . Overflow Damage 418 | . . . . . . . 52 . 47 . . . . . . . . . 100 . . . 7 212 Projectiles 80 | . . . . . . . . . . . . . . . . . . . . . . . . 80 Explosions 318 | . . . . . . . 52 . 47 . . . . . . . . . 100 . . . . 119 Melee 20 | . . . . . . . . . . . . . . . . . . . . . . . 7 13 Knockbacks 8 | . . . . . 1 . . . . . . . . . . . . . . . . . 2 5 Impact 5 | . . . . . 1 . . . . . . . . . . . . . . . . . 2 2 Kinetic 2 | . . . . . . . . . . . . . . . . . . . . . . . . 2 Secondary 1 | . . . . . . . . . . . . . . . . . . . . . . . . 1 Self-Inflicted Damage 1035 | . . . . . . . 203 . 124 . . . . . . . . . 91 . . . . 617 Shots 30 | . . . . . . . 11 . 5 . . . . . . . . . 2 . . . . 12 Rammed 25 | . . . . . 1 . . . . . . 1 . . 1 . . . 2 . . . 9 11 Targets Rammed 39 | . . . . . 1 . 2 . . . . 1 . . 5 2 . . 4 . . . 10 14 Kicked 11 | . . . . . . . 2 . . . . . . . 4 2 . . 2 . . . . 1 Crushed 3 | . . . . . . . . . . . . . . . . . . . . . . . 1 2 Highest Temperature 436 | . . 20 177 106 64 168 160 269 275 . 230 41 . 280 436 261 198 197 230 . 197 164 209 325 Average Temperature 84 | . . 10 92 59 21 47 43 139 66 . 101 24 . 92 103 84 89 124 106 . 125 120 28 93 Received Heat Transfer 7571 | . . 150 . . 495 282 342 48 252 . 1495 27 . 65 316 191 114 117 187 . 710 29 116 2635 Effects 14 | . . . . . . . . 5 . . . . . 5 3 . . . . . . . . 1 Shutdowns 2 | . . . . . . . . . . . . . . . 2 . . . . . . . . . Energy Bleed 1 | . . . . . . . . . . . . . . . 1 . . . . . . . . . Interference 11 | . . . . . . . . 5 . . . . . 5 . . . . . . . . . 1 Siege Activations 30 | . . . . . . . . . . . . . . . . . . . . . 3 1 13 13 Total Turns 837 | . . . . . . . . . . . . . . . . . . . . . 63 19 291 464 Longest Duration 122 | . . . . . . . . . . . . . . . . . . . . . 34 19 46 122 Robots Corrupted 8 | . . . . . . . . . . . . . . . . . 4 . . . . . . 4 Combat Hostiles 6 | . . . . . . . . . . . . . . . . . 3 . . . . . . 3 Parts Fried 18 | . . . . . . . . . . . . . . . . . 6 . . . . . . 12 Impact Corruptions 3 | . . . . . . . . . . . . . . . . . . . . . . . 1 2 Robots Melted 2 | . . . . . . . . . . . . . . . . . . . . . . . . 2 Combat Hostiles 2 | . . . . . . . . . . . . . . . . . . . . . . . . 2 Parts Melted 9 | . . . . . . 1 . . . . 1 1 . . 1 2 . . . . . . . 3 Heat Transferred 4914 | . . . . . . . . . . . 298 518 . . . . . . . . 250 . . 3848 Parts Sabotaged . | . . . . . . . . . . . . . . . . . . . . . . . . . Parts Stolen . | . . . . . . . . . . . . . . . . . . . . . . . . . Parts Stripped . | . . . . . . . . . . . . . . . . . . . . . . . . . Power Chain Reactions 1 | . . . . . . . . . . . 1 . . . . . . . . . . . . . Missiles Intercepted . | . . . . . . . . . . . . . . . . . . . . . . . . . Alert | -11 -10 -10 -10 -9 -8 -7 -7 -7 -7 -6 -6 -6 -5 -5 -4 -4 -4 -4 -4 -3 -3 -3 -2 -1 ------- Run | Scr Mat Min Exi Min Mat Fac Gar Fac Gar Fac Gar Fac Fac Gar Fac Ext Cet Arc Hub Res Gar Res Res Acc Peak Influence 2082 | . 151 88 . 5 346 343 1420 875 1495 784 848 547 267 718 843 640 497 342 208 21 430 376 694 2082 Initial 784 | . . 58 . . 1 118 242 745 612 784 548 445 267 186 376 361 281 198 119 21 15 241 211 395 Average 497 | . 76 82 . . 190 94 789 811 1105 784 717 420 267 445 507 312 404 316 50 21 220 295 439 761 Maximum Alert Level 5 | . . . . . 1 1 4 3 4 3 3 2 1 3 3 2 2 1 1 . 2 1 2 5 Low Security (%) 21 | 100 100 100 . 100 49 90 . . . . . . . 4 . 42 . 5 98 100 46 . . . Level 1 27 | . . . . . 50 9 20 . . . . 40 100 40 40 14 38 94 1 . 45 100 42 25 Level 2 28 | . . . . . . . 22 . 9 . 37 59 . 45 33 43 61 . . . 8 . 57 34 Level 3 13 | . . . . . . . 24 100 39 100 62 . . 9 25 . . . . . . . . 16 Level 4 7 | . . . . . . . 31 . 51 . . . . . . . . . . . . . . 13 Level 5 1 | . . . . . . . . . . . . . . . . . . . . . . . . 9 High Security . | . . . . . . . . . . . . . . . . . . . . . . . . . Max Security . | . . . . . . . . . . . . . . . . . . . . . . . . . Squads Dispatched 73 | . . . . . 4 12 . 1 . . . 7 . . 5 5 . . 3 . . 1 8 27 Investigation 2 | . . . . . . . . . . . . . . . . . . . . . . . . 2 Extermination 18 | . . . . . . 3 . . . . . 2 . . 1 . . . . . . . 4 8 Reinforcement 31 | . . . . . 4 2 . . . . . 4 . . 4 2 . . 2 . . 1 3 9 Assault 13 | . . . . . . . . . . . . 1 . . . 3 . . . . . . 1 8 Garrison 9 | . . . . . . 7 . 1 . . . . . . . . . . 1 . . . . . Intercept . | . . . . . . . . . . . . . . . . . . . . . . . . . Construction Impeded 4 | . . . . . . . . . . . . . . . 1 . . . 2 . . . 1 . Haulers Reinforced 3 | . . . . . . . . . . . . . . . 2 . . . . . . . . 1 Active Scanning Responses . | . . . . . . . . . . . . . . . . . . . . . . . . . Cargo Convoy Interrupts 1 | . . . . . . . . . . . . 1 . . . . . . . . . . . . Stealth | -11 -10 -10 -10 -9 -8 -7 -7 -7 -7 -6 -6 -6 -5 -5 -4 -4 -4 -4 -4 -3 -3 -3 -2 -1 --------- Run | Scr Mat Min Exi Min Mat Fac Gar Fac Gar Fac Gar Fac Fac Gar Fac Ext Cet Arc Hub Res Gar Res Res Acc Distress Signals 18 | . 1 . . . 4 . . . . . . 3 . . . 2 1 . 1 . . . 2 4 Communications Jammed . | . . . . . . . . . . . . . . . . . . . . . . . . . Distress Signals . | . . . . . . . . . . . . . . . . . . . . . . . . . Times Spotted 554 | . 8 2 . . 40 20 33 4 25 . 32 19 . 22 35 50 10 14 12 1 29 5 52 141 Peak Tracking Total 13 | . 4 2 . . 7 3 8 2 6 . 10 3 . 12 7 12 5 2 5 1 11 3 5 13 Tactical Retreats 23 | . . . . . 2 1 . . 2 . 2 1 . 2 2 1 . . . . 3 . 1 6 Traps | -11 -10 -10 -10 -9 -8 -7 -7 -7 -7 -6 -6 -6 -5 -5 -4 -4 -4 -4 -4 -3 -3 -3 -2 -1 ------- Run | Scr Mat Min Exi Min Mat Fac Gar Fac Gar Fac Gar Fac Fac Gar Fac Ext Cet Arc Hub Res Gar Res Res Acc Traps Triggered 26 | . 2 . . . . 1 2 . 1 . 4 1 . 2 2 6 . . . . 1 . 2 2 Indirectly . | . . . . . . . . . . . . . . . . . . . . . . . . . Trap Hack Attempts . | . . . . . . . . . . . . . . . . . . . . . . . . . Triggered . | . . . . . . . . . . . . . . . . . . . . . . . . . Disarmed . | . . . . . . . . . . . . . . . . . . . . . . . . . Reprogrammed . | . . . . . . . . . . . . . . . . . . . . . . . . . Reused 2 | . . . . . 2 . . . . . . . . . . . . . . . . . . . Traps Extracted . | . . . . . . . . . . . . . . . . . . . . . . . . . Installed 4 | . . . . . 4 . . . . . . . . . . . . . . . . . . . Triggered 3 | . . . . . 2 . . . . . . 1 . . . . . . . . . . . . Machines | -11 -10 -10 -10 -9 -8 -7 -7 -7 -7 -6 -6 -6 -5 -5 -4 -4 -4 -4 -4 -3 -3 -3 -2 -1 ---------- Run | Scr Mat Min Exi Min Mat Fac Gar Fac Gar Fac Gar Fac Fac Gar Fac Ext Cet Arc Hub Res Gar Res Res Acc Machines Disabled 45 | . 1 . . . . . 11 . 5 . 2 4 . . 1 2 1 2 7 . 2 . 3 4 Max in Single Turn 3 | . 1 . . . . . 2 . 1 . 1 3 . . 1 . 1 1 2 . 1 . 1 1 Garrison Access 2 | . . . . . . . . . . . . . . . . . . . 1 . . . 1 . Garrison Relay 11 | . . . . . . . 4 . 4 . 2 . . . . . . . . . 1 . . . Phase Generator 1 | . . . . . . . 1 . . . . . . . . . . . . . . . . . Machines Sabotaged . | . . . . . . . . . . . . . . . . . . . . . . . . . Garrisons Compromised 1 | . . . . . . . . . . . . 1 . . . . . . . . . . . . Overloaded Fab Kills . | . . . . . . . . . . . . . . . . . . . . . . . . . Hacking | -11 -10 -10 -10 -9 -8 -7 -7 -7 -7 -6 -6 -6 -5 -5 -4 -4 -4 -4 -4 -3 -3 -3 -2 -1 --------- Run | Scr Mat Min Exi Min Mat Fac Gar Fac Gar Fac Gar Fac Fac Gar Fac Ext Cet Arc Hub Res Gar Res Res Acc Machines Accessed 57 | . 2 . 1 . 4 5 . 1 . 3 . 4 1 . 2 9 2 1 5 3 . 1 7 6 Terminals 42 | . 2 . . . 4 4 . . . 1 . 3 . . 1 9 2 . 4 . . . 6 6 Fabricators 1 | . . . . . . . . . . . . 1 . . . . . . . . . . . . Repair Stations 1 | . . . . . . . . . . . . . . . 1 . . . . . . . . . Recycling Units 3 | . . . . . . . . . . . . . . . . . . . . 2 . 1 . . Scanalyzers 1 | . . . . . . . . . . 1 . . . . . . . . . . . . . . Garrison Access 7 | . . . . . . 1 . 1 . 1 . . 1 . . . . . 1 1 . . 1 . Total Hacks 109 | . 5 . 1 . 11 9 . 1 . 5 . 8 1 . 3 18 6 2 9 5 . 3 12 10 Successful 56 | . 3 . 1 . 8 3 . 1 . 3 . 2 1 . 2 9 5 2 6 3 . 1 5 1 Failed 53 | . 2 . . . 3 6 . . . 2 . 6 . . 1 9 1 . 3 2 . 2 7 9 Catastrophic 12 | . . . . . . 2 . . . . . 3 . . . . . . 1 . . . 3 3 Database Lockouts . | . . . . . . . . . . . . . . . . . . . . . . . . . Manual 25 | . . . 1 . 9 . . . . 1 . 1 . . . . . . 2 . . . 6 5 Terminals 83 | . 5 . . . 11 8 . . . 1 . 4 . . 1 18 6 . 8 . . . 11 10 Fabricators 4 | . . . . . . . . . . . . 4 . . . . . . . . . . . . Repair Stations 2 | . . . . . . . . . . . . . . . 2 . . . . . . . . . Recycling Units 7 | . . . . . . . . . . . . . . . . . . . . 4 . 3 . . Scanalyzers 3 | . . . . . . . . . . 3 . . . . . . . . . . . . . . Garrison Access 7 | . . . . . . 1 . 1 . 1 . . 1 . . . . . 1 1 . . 1 . Terminal Hacks 40 | . 3 . 1 . 5 2 . . . . . 2 . . 1 9 5 2 5 . . . 4 1 Record 7 | . . . . . . . . . . . . . . . . . 5 2 . . . . . . Part Schematic 1 | . . . . . . . . . . . . . . . . 1 . . . . . . . . Robot Analysis 1 | . . . . . 1 . . . . . . . . . . . . . . . . . . . Open Door 5 | . . . . . . . . . . . . . . . 1 4 . . . . . . . . Open DSF 1 | . . . . . . . . . . . . 1 . . . . . . . . . . . . Level Access Points 1 | . . . . . 1 . . . . . . . . . . . . . . . . . . . Branch Access Points 5 | . 1 . . . 1 1 . . . . . . . . . . . . 1 . . . 1 . Terminal Index 1 | . . . . . . . . . . . . . . . . . . . . . . . . 1 Alert Level 2 | . . . . . 1 1 . . . . . . . . . . . . . . . . . . Unreport Threat 5 | . . . . . . . . . . . . . . . . 3 . . 1 . . . 1 . Locate Traps 8 | . 2 . . . 1 . . . . . . 1 . . . . . . 2 . . . 2 . Registered Prototypes 1 | . . . . . . . . . . . . . . . . 1 . . . . . . . . Zone Layout 1 | . . . . . . . . . . . . . . . . . . . 1 . . . . . EX-Prototype ID Bank 1 | . . . 1 . . . . . . . . . . . . . . . . . . . . . Fabricator Hacks . | . . . . . . . . . . . . . . . . . . . . . . . . . Repair Station Hacks 1 | . . . . . . . . . . . . . . . 1 . . . . . . . . . Scan Component 1 | . . . . . . . . . . . . . . . 1 . . . . . . . . . Recycling Unit Hacks 3 | . . . . . . . . . . . . . . . . . . . . 2 . 1 . . Report Inventory 2 | . . . . . . . . . . . . . . . . . . . . 1 . 1 . . Retrieve Components 1 | . . . . . . . . . . . . . . . . . . . . 1 . . . . Scanalyzer 2 | . . . . . . . . . . 2 . . . . . . . . . . . . . . Insert Component 1 | . . . . . . . . . . 1 . . . . . . . . . . . . . . Analyze 1 | . . . . . . . . . . 1 . . . . . . . . . . . . . . Garrison Access Hacks 7 | . . . . . . 1 . 1 . 1 . . 1 . . . . . 1 1 . . 1 . Unlock Access 5 | . . . . . . 1 . 1 . 1 . . 1 . . . . . . 1 . . . . Seal Access 2 | . . . . . . . . . . . . . . . . . . . 1 . . . 1 . Unauthorized Hacks 3 | . . . . . 3 . . . . . . . . . . . . . . . . . . . Terminals 3 | . . . . . 3 . . . . . . . . . . . . . . . . . . . Track 1 | . . . . . 1 . . . . . . . . . . . . . . . . . . . Botnet 2 | . . . . . 2 . . . . . . . . . . . . . . . . . . . Fabricators . | . . . . . . . . . . . . . . . . . . . . . . . . . Repair Stations . | . . . . . . . . . . . . . . . . . . . . . . . . . Recycling Units . | . . . . . . . . . . . . . . . . . . . . . . . . . Scanalyzers . | . . . . . . . . . . . . . . . . . . . . . . . . . Garrison Access . | . . . . . . . . . . . . . . . . . . . . . . . . . Data Cores Recovered . | . . . . . . . . . . . . . . . . . . . . . . . . . Used . | . . . . . . . . . . . . . . . . . . . . . . . . . Hacking Detections 44 | . 2 . . . 4 4 . . . 2 . 3 . . 2 6 1 . 4 3 . 1 6 6 Full Trace Events 1 | . . . . . . . . . . . . . . . . . . . . . . . . 1 Feedback Events . | . . . . . . . . . . . . . . . . . . . . . . . . . Feedback Blocked . | . . . . . . . . . . . . . . . . . . . . . . . . . Robot Schematics Acquired . | . . . . . . . . . . . . . . . . . . . . . . . . . Robots Built . | . . . . . . . . . . . . . . . . . . . . . . . . . Authchips . | . . . . . . . . . . . . . . . . . . . . . . . . . Time . | . . . . . . . . . . . . . . . . . . . . . . . . . Total Robot Build Rating . | . . . . . . . . . . . . . . . . . . . . . . . . . Part Schematics Acquired 2 | . . . . . . . . . . 1 . . . . . 1 . . . . . . . . Parts Built . | . . . . . . . . . . . . . . . . . . . . . . . . . Authchips . | . . . . . . . . . . . . . . . . . . . . . . . . . Time . | . . . . . . . . . . . . . . . . . . . . . . . . . Total Part Build Rating . | . . . . . . . . . . . . . . . . . . . . . . . . . Parts Repaired . | . . . . . . . . . . . . . . . . . . . . . . . . . Time . | . . . . . . . . . . . . . . . . . . . . . . . . . Parts Recycled . | . . . . . . . . . . . . . . . . . . . . . . . . . Recycled Matter . | . . . . . . . . . . . . . . . . . . . . . . . . . Retrieved Matter . | . . . . . . . . . . . . . . . . . . . . . . . . . Retrieved Components . | . . . . . . . . . . . . . . . . . . . . . . . . . Parts Scanalyzed 1 | . . . . . . . . . . 1 . . . . . . . . . . . . . . Part Schematics Acquired 1 | . . . . . . . . . . 1 . . . . . . . . . . . . . . Parts Damaged . | . . . . . . . . . . . . . . . . . . . . . . . . . Bothacking | -11 -10 -10 -10 -9 -8 -7 -7 -7 -7 -6 -6 -6 -5 -5 -4 -4 -4 -4 -4 -3 -3 -3 -2 -1 ------------ Run | Scr Mat Min Exi Min Mat Fac Gar Fac Gar Fac Gar Fac Fac Gar Fac Ext Cet Arc Hub Res Gar Res Res Acc Used RIF Installer 5 | . . . . . . . 1 . 1 . 1 . . 1 . . . . . . 1 . . . Zone Cloak 2 | . . . . . . . . . . . . . . 1 . . . . . . 1 . . . Patrol Navigation 1 | . . . . . . . . . 1 . . . . . . . . . . . . . . . Program Shield 1 | . . . . . . . . . . . 1 . . . . . . . . . . . . . Robots Hacked 10 | . . . . . . . . . 1 . 9 . . . . . . . . . . . . . Non-combat . | . . . . . . . . . . . . . . . . . . . . . . . . . Combat 10 | . . . . . . . . . 1 . 9 . . . . . . . . . . . . . Robot Hacks Applied 11 | . . . . . . . . . 1 . 10 . . . . . . . . . . . . . broadcast_data 1 | . . . . . . . . . . . 1 . . . . . . . . . . . . . disrupt_area 2 | . . . . . . . . . . . 2 . . . . . . . . . . . . . amplify_resonance 2 | . . . . . . . . . . . 2 . . . . . . . . . . . . . disable_weapons 1 | . . . . . . . . . . . 1 . . . . . . . . . . . . . formatsys_high 5 | . . . . . . . . . 1 . 4 . . . . . . . . . . . . . Relay Couplers Released 45 | . . . . . . . 15 . 18 . 8 . . . . . . . . . 4 . . . Machine Destruction 45 | . . . . . . . 15 . 18 . 8 . . . . . . . . . 4 . . . Attached 5 | . . . . . . . . . 1 . 3 . . . . . . . . . 1 . . . Fabnet Peak Effective % . | . . . . . . . . . . . . . . . . . . . . . . . . . Robots Rewired 14 | . . . . . . . . . . . . . . . . 14 . . . . . . . . Allies Hacked . | . . . . . . . . . . . . . . . . . . . . . . . . . Hacks Repelled . | . . . . . . . . . . . . . . . . . . . . . . . . . Allies | -11 -10 -10 -10 -9 -8 -7 -7 -7 -7 -6 -6 -6 -5 -5 -4 -4 -4 -4 -4 -3 -3 -3 -2 -1 -------- Run | Scr Mat Min Exi Min Mat Fac Gar Fac Gar Fac Gar Fac Fac Gar Fac Ext Cet Arc Hub Res Gar Res Res Acc Total Allies 26 | . . . . . . . . . 1 . 4 . . . 3 18 . . . . . . . . Largest Group 10 | . . . . . . . . . 1 1 3 . . . 1 10 . . . . . . . . Highest-Rated Group 517 | . . . . . . . . . 32 32 89 . . . 46 517 . . . . . . . . Highest-Rated Ally 159 | . . . . . . . . . 32 32 32 . . . 46 159 . . . . . . . . Total Orders . | . . . . . . . . . . . . . . . . . . . . . . . . . Ally Attacks 196 | . . . . . . . . . 7 . 8 . . . . 181 . . . . . . . . Total Damage 5797 | . . . . . . . . . 296 . 288 . . . . 5213 . . . . . . . . Kills 31 | . . . . . . . . . 2 . 2 . . . . 27 . . . . . . . . Allies Corrupted 3 | . . . . . . . . . . . . . . . . 3 . . . . . . . . Allies Melted 2 | . . . . . . . . . . . 1 1 . . . . . . . . . . . . Intel | -11 -10 -10 -10 -9 -8 -7 -7 -7 -7 -6 -6 -6 -5 -5 -4 -4 -4 -4 -4 -3 -3 -3 -2 -1 ------- Run | Scr Mat Min Exi Min Mat Fac Gar Fac Gar Fac Gar Fac Fac Gar Fac Ext Cet Arc Hub Res Gar Res Res Acc Robot Analysis Total 1 | . . . . . 1 . . . . . . . . . . . . . . . . . . . Derelict Logs Recovered . | . . . . . . . . . . . . . . . . . . . . . . . . . Drone Launches . | . . . . . . . . . . . . . . . . . . . . . . . . . Drone Recoveries . | . . . . . . . . . . . . . . . . . . . . . . . . . Exploration | -11 -10 -10 -10 -9 -8 -7 -7 -7 -7 -6 -6 -6 -5 -5 -4 -4 -4 -4 -4 -3 -3 -3 -2 -1 ------------- Run | Scr Mat Min Exi Min Mat Fac Gar Fac Gar Fac Gar Fac Fac Gar Fac Ext Cet Arc Hub Res Gar Res Res Acc Turns Passed 25551 | 3 263 146 518 219 1564 1511 1139 207 1596 172 1501 1443 103 764 1473 2044 343 392 874 313 897 342 2825 4899 Spaces Moved 11684 | 3 151 66 322 136 594 650 719 114 835 101 669 722 46 372 561 907 166 127 327 183 325 150 1302 2136 Core . | . . . . . . . . . . . . . . . . . . . . . . . . . Treads 8862 | . 24 66 322 136 594 650 331 27 835 101 359 722 46 372 340 . . . 189 183 325 150 1302 1788 Legs 2822 | 3 127 . . . . . 388 87 . . 310 . . . 221 907 166 127 138 . . . . 348 Wheels . | . . . . . . . . . . . . . . . . . . . . . . . . . Hover . | . . . . . . . . . . . . . . . . . . . . . . . . . Flight . | . . . . . . . . . . . . . . . . . . . . . . . . . Fastest Speed 45 | 120 120 160 160 160 160 162 45 105 160 160 45 160 167 167 120 120 120 120 120 160 160 160 150 111 Average Speed 163 | 120 126 160 160 160 204 162 128 118 160 160 160 163 167 167 188 184 137 166 217 160 161 161 158 153 Slowest Speed 320 | 120 160 160 160 160 240 162 240 240 160 160 240 167 167 167 320 190 190 190 245 160 163 162 160 270 Overloaded Moves 39 | . . . . . . . 25 . . . 14 . . . . . . . . . . . . . Propulsion Burnouts . | . . . . . . . . . . . . . . . . . . . . . . . . . Robots Hopped . | . . . . . . . . . . . . . . . . . . . . . . . . . Cave-ins Triggered 1 | . . . . . . . . . . . . . . . . . . . . . 1 . . . Exploration Rate (%) 36 | 2 40 14 61 37 43 14 80 3 89 2 65 15 2 45 11 90 62 76 32 5 51 4 37 42 Regions Visited 24 Branch Regions 7 Pre-discovered Areas . | . . . . . . . . . . . . . . . . . . . . . . . . . Known Exits Taken 17 | . 1 1 1 1 1 1 . 1 . 1 . . 1 . 1 1 1 1 1 1 . 1 1 . Unknown Exits Taken 2 | 1 . . . . . . . . . . . 1 . . . . . . . . . . . . Scrap Searched 1 | . . . . 1 . . . . . . . . . . . . . . . . . . . . Spaces Dug 69 | . . . . . . . . . 3 . 4 . . 4 . . . . . . . 2 15 41 Terrain Destroyed 895 | . . . . . . . 189 . 71 . 7 28 . 24 84 24 4 5 67 . 33 9 28 322 Melee 62 | . . . . . . . . . . . 4 . . . . . . . . . . 2 15 41 Projectile 237 | . . . . . . . . . . . . 5 . 23 83 24 4 5 23 . 31 7 9 23 AOE 586 | . . . . . . . 189 . 71 . 3 23 . . . . . . 44 . . . . 256 Terrain Rammed . | . . . . . . . . . . . . . . . . . . . . . . . . . Walls Destroyed . | . . . . . . . . . . . . . . . . . . . . . . . . . Machines Disabled . | . . . . . . . . . . . . . . . . . . . . . . . . . Actions | -11 -10 -10 -10 -9 -8 -7 -7 -7 -7 -6 -6 -6 -5 -5 -4 -4 -4 -4 -4 -3 -3 -3 -2 -1 --------- Run | Scr Mat Min Exi Min Mat Fac Gar Fac Gar Fac Gar Fac Fac Gar Fac Ext Cet Arc Hub Res Gar Res Res Acc Total 16062 | 2 192 86 325 136 846 1007 855 160 1019 111 940 917 73 459 829 1209 235 257 421 204 528 217 1879 3155 Wait 1688 | . 3 . . . 125 289 17 5 81 7 26 111 25 33 96 63 10 91 11 14 30 11 291 349 Move 11659 | 2 150 65 321 135 593 650 718 114 834 101 668 721 45 370 560 906 165 126 325 182 322 149 1301 2136 Hop . | . . . . . . . . . . . . . . . . . . . . . . . . . Pick Up 381 | . 10 5 2 . 27 8 21 4 13 1 37 3 1 5 26 36 9 3 8 3 33 9 46 71 Fast Attach 224 | . 1 . . . 8 2 2 2 3 . 26 15 . 4 20 14 2 1 8 . 18 6 23 69 Attach 256 | . 5 2 . . 15 6 18 4 10 1 27 2 1 . 13 4 13 4 14 3 16 4 13 81 Detach 47 | . . . . . 1 . . 2 1 . 4 . . . 4 4 2 1 5 2 1 . 4 16 Swap 49 | . . . 1 . . 2 1 3 4 . 6 6 . 5 5 4 . 2 1 . 2 . 2 5 Drop 442 | . 6 3 1 . 25 9 15 10 16 1 37 24 1 12 20 50 10 7 7 . 24 17 65 82 Fire 955 | . 17 11 . 1 47 41 60 16 56 . 28 34 . 30 79 41 24 22 35 . 57 19 103 234 Melee 234 | . . . . . . . . . . . 74 . . . . 12 . . 3 . 24 2 21 98 Ram . | . . . . . . . . . . . . . . . . . . . . . . . . . Kick 11 | . . . . . . . 2 . . . . . . . 4 2 . . 2 . . . . 1 Crush 28 | . . . . . 1 . . . . . . 1 . . 1 . . . 2 . . . 10 13 Escape Stasis 38 | . . . . . . . 1 . . . 6 . . . . 30 . . . . 1 . . . Rewire 46 | . . . . . . . . . 1 . 1 . . . 1 43 . . . . . . . . Trap 4 | . . . . . 4 . . . . . . . . . . . . . . . . . . . Miscellaneous . | . . . . . . . . . . . . . . . . . . . . . . . . . Route ------- -11/Scrapyard -10/Materials (discovered 3 exits: *Mat / *Min x2) -10/Mines -10/Exiles (discovered 2 exits: *Min x2) -9/Mines -8/Materials (discovered 5 exits: *Fac x3 / Sto x2) -7/Factory (discovered 3 exits: Low x2 / Gar) -7/Garrison (discovered 3 exits: *Fac x3) -7/Factory -7/Garrison (discovered 3 exits: *Fac x3) -6/Factory -6/Garrison (discovered 2 exits: *Fac x2) -6/Factory -5/Factory -5/Garrison -4/Factory -4/Extension (discovered 3 exits: *Res x2 / *Cet) -4/Cetus -4/Archives (discovered 2 exits: *Hub x2) -4/Hub_04(d) -3/Research -3/Garrison -3/Research -2/Research (discovered 3 exits: *Acc / Tes x2) -1/Access History --------- Turn | Location | Event 1 | -11/Scrapyard | Discovered new exit (range 0) 4 | -11/Scrapyard | Entered Materials 21 | -10/Materials | Identified exit to Mines 126 | -10/Materials | Discovered new exit (range 15) 148 | -10/Materials | Identified exit to Materials 267 | -10/Materials | Entered Mines 306 | -10/Mines | Build established: Mutant 323 | -10/Mines | Found a hidden stash of uninstalled traps 358 | -10/Mines | Met a Derelict bent on vengeance 402 | -10/Mines | Deemed a non-threat by the Exiles lab entrance 402 | -10/Mines | Discovered new exit (range 5) 408 | -10/Mines | Identified exit to Exiles 413 | -10/Mines | Entered Exiles 434 | -10/Exiles | Discovered new exit (range 15) 453 | -10/Exiles | Met 8R-AWN 482 | -10/Exiles | Met EX-HEX 546 | -10/Exiles | Met EX-DEC 692 | -10/Exiles | Met EX-BIN 711 | -10/Exiles | Aligned with FarCom system 713 | -10/Exiles | Given EX-Vault access code 754 | -10/Exiles | Opened EX-Vault 767 | -10/Exiles | Found Potential Leg 770 | -10/Exiles | Found Potential Leg 806 | -10/Exiles | Warned to stay clear of 0b10 Research branches 910 | -10/Exiles | Discovered new exit (range 14) 929 | -10/Exiles | Identified exit to Mines 931 | -10/Exiles | Left Exiles lab with Potential Leg 931 | -10/Exiles | Entered Mines 1136 | -9/Mines | Discovered new exit (range 10) 1149 | -9/Mines | Identified exit to Materials 1150 | -9/Mines | Entered Materials 1150 | -8/Materials | Evolved 4 slots: Utility x2, Weapon x2 1450 | -8/Materials | Build established: Skirmisher 1577 | -8/Materials | Lost 3 parts (1n2w) 2044 | -8/Materials | Build established: Scavenger-Skirmisher 2261 | -8/Materials | Identified exit to Storage 2542 | -8/Materials | Identified exit to Factory 2714 | -8/Materials | Entered Factory 2714 | -7/Factory | Evolved 2 slots: Propulsion x2 2867 | -7/Factory | Build established: Skirmisher 3622 | -7/Factory | Identified exit to Lower Caves 3814 | -7/Factory | Garrison activated, responded to threat 3994 | -7/Factory | Garrison activated, responded to threat 4127 | -7/Factory | Garrison activated, responded to threat 4225 | -7/Factory | Identified exit to Garrison 4225 | -7/Factory | Entered Garrison 4250 | -7/Garrison | Triggered checkpoint 4455 | -7/Garrison | Triggered checkpoint 4582 | -7/Garrison | Triggered checkpoint 4661 | -7/Garrison | Discovered new exit (range 10) 4701 | -7/Garrison | Triggered checkpoint 4745 | -7/Garrison | Garrison Relay disabled 4855 | -7/Garrison | Triggered checkpoint 4927 | -7/Garrison | Lost 6 parts (1p3n2w) 4936 | -7/Garrison | Destroyed 8 combat bots 5009 | -7/Garrison | Discovered new exit (range 15) 5025 | -7/Garrison | Identified exit to Factory 5064 | -7/Garrison | Triggered checkpoint 5076 | -7/Garrison | Garrison Relay disabled 5220 | -7/Garrison | Phase Generator disabled 5225 | -7/Garrison | Discovered exit to Factory (range 13) 5246 | -7/Garrison | Installed Relay Interface Framework 5288 | -7/Garrison | Triggered checkpoint 5322 | -7/Garrison | Garrison Relay disabled 5364 | -7/Garrison | Entered Factory 5481 | -7/Factory | Garrison activated, responded to threat 5571 | -7/Factory | Identified exit to Garrison 5571 | -7/Factory | Entered Garrison 5732 | -7/Garrison | Triggered checkpoint 5806 | -7/Garrison | Triggered checkpoint 5863 | -7/Garrison | Destroyed 8 combat bots 5976 | -7/Garrison | Discovered new exit (range 10) 5988 | -7/Garrison | Identified exit to Factory 6000 | -7/Garrison | Expanded RIF knowledge: Patrol Navigation 6054 | -7/Garrison | Triggered checkpoint 6109 | -7/Garrison | Garrison Relay disabled 6276 | -7/Garrison | Discovered exit to Factory (range 13) 6345 | -7/Garrison | Triggered checkpoint 6385 | -7/Garrison | Garrison Relay disabled 6689 | -7/Garrison | Build established: Scavenger-Mutant 6702 | -7/Garrison | Triggered checkpoint 6754 | -7/Garrison | Garrison Relay disabled 6800 | -7/Garrison | Discovered exit to Factory (range 10) 6954 | -7/Garrison | Triggered checkpoint 6956 | -7/Garrison | Core integrity fell below 50% 6996 | -7/Garrison | Garrison Relay disabled 7167 | -7/Garrison | Entered Factory 7167 | -6/Factory | Accompanied by 1 ally 7167 | -6/Factory | Evolved 2 slots: Utility x2 7339 | -6/Factory | Identified exit to Garrison 7339 | -6/Factory | Entered Garrison 7339 | -6/Garrison | Accompanied by 1 ally 7347 | -6/Garrison | Expanded RIF knowledge: Program Shield 7380 | -6/Garrison | Triggered checkpoint 7393 | -6/Garrison | Garrison Relay disabled 7472 | -6/Garrison | Triggered checkpoint 7485 | -6/Garrison | Triggered checkpoint 7488 | -6/Garrison | Triggered checkpoint 7585 | -6/Garrison | Lost 15 parts (1p5n3u6w) 7592 | -6/Garrison | Destroyed 8 combat bots 7842 | -6/Garrison | Triggered checkpoint 7892 | -6/Garrison | Lost 3 parts (1p2n) 7903 | -6/Garrison | Garrison Relay disabled 7975 | -6/Garrison | Discovered new exit (range 15) 8145 | -6/Garrison | Lost 5 parts (1p4n) 8579 | -6/Garrison | Discovered new exit (range 10) 8840 | -6/Garrison | Entered Factory 9544 | -6/Factory | Build established: Scavenger-Tank 9832 | -6/Factory | Cargo convoy interrupted 9965 | -6/Factory | Core integrity fell below 50% 10221 | -6/Factory | Discovered new exit (range 8) 10240 | -6/Factory | First assault squad dispatched 10283 | -6/Factory | Entered another Factory area 10283 | -5/Factory | Evolved 2 slots: Power x1, Utility x1 10383 | -5/Factory | Identified exit to Garrison 10386 | -5/Factory | Entered Garrison 10395 | -5/Garrison | Expanded RIF knowledge: Zone Cloak 10498 | -5/Garrison | Triggered checkpoint 10764 | -5/Garrison | Destroyed 9 combat bots 10958 | -5/Garrison | Triggered checkpoint 10986 | -5/Garrison | Triggered checkpoint 11133 | -5/Garrison | Discovered new exit (range 10) 11150 | -5/Garrison | Entered Factory 11150 | -4/Factory | Evolved 2 slots: Utility x2 11322 | -4/Factory | Found Prototype Hackware 11322 | -4/Factory | Identified Exp. Hacking Suite 12170 | -4/Factory | Lost 10 parts (1p4n2u3w) 12187 | -4/Factory | Destroyed 14 combat bots 12362 | -4/Factory | Lost 4 parts (1p1n1u1w) 12427 | -4/Factory | Build established: Scavenger-Gunner 12545 | -4/Factory | Discovered new exit (range 18) 12599 | -4/Factory | Allied Derelicts emerged from ambush trap array 12622 | -4/Factory | Identified exit to Extension 12623 | -4/Factory | Entered Extension 12623 | -4/Extension | Accompanied by 1 ally 12703 | -4/Extension | Rescued a captive Derelict 12738 | -4/Extension | Build established: Scavenger-Skirmisher 13058 | -4/Extension | Rescued A7 13126 | -4/Extension | Rescued a captive Derelict 13179 | -4/Extension | Rescued a captive Derelict 13695 | -4/Extension | Spotted B-86 Titan 13707 | -4/Extension | Allies destroyed B-86 Titan 13720 | -4/Extension | Spotted B-86 Titan 13740 | -4/Extension | Allies destroyed B-86 Titan 13744 | -4/Extension | Discovered new exit (range 16) 13748 | -4/Extension | Disrupted transfer network 13873 | -4/Extension | First assault squad dispatched 13985 | -4/Extension | Found Prototype Protection 13985 | -4/Extension | Identified Med. Regenerative Plating 14045 | -4/Extension | Build established: Scavenger-Tank 14126 | -4/Extension | Discovered new exit (range 15) 14128 | -4/Extension | Discovered new exit (range 15) 14294 | -4/Extension | Extracted ID and sensor layout for unrecognized location from A7's data core 14665 | -4/Extension | Identified exit to Cetus 14667 | -4/Extension | Entered Cetus 14698 | -4/Cetus | Spotted Cetus Guard 14698 | -4/Cetus | Spotted Cetus Guard 14715 | -4/Cetus | Spotted Cetus Guard 14722 | -4/Cetus | Destroyed Cetus Guard 14723 | -4/Cetus | Destroyed Cetus Guard 14723 | -4/Cetus | Spotted Cetus Guard 14726 | -4/Cetus | Destroyed Cetus Guard 14740 | -4/Cetus | Destroyed Cetus Guard 14799 | -4/Cetus | System corruption reached 10% 14992 | -4/Cetus | Discovered new exit (range 16) 15009 | -4/Cetus | Identified exit to Archives 15010 | -4/Cetus | Entered Archives 15131 | -4/Archives | Discovered new exit (range 15) 15142 | -4/Archives | Discovered new exit (range 16) 15216 | -4/Archives | Unable to access archive contents 15235 | -4/Archives | Unable to access archive contents 15254 | -4/Archives | Unable to access archive contents 15275 | -4/Archives | Unable to access archive contents 15307 | -4/Archives | Identified exit to Hub_04(d) 15402 | -4/Archives | Entered Hub_04(d) 15709 | -4/Hub_04(d) | Garrison activated, responded to threat 15739 | -4/Hub_04(d) | Core integrity fell below 50% 15767 | -4/Hub_04(d) | Core integrity fell below 20% 15808 | -4/Hub_04(d) | Lost 15 parts (1p4n5u5w) 16056 | -4/Hub_04(d) | Build established: Scavenger-Mutant 16141 | -4/Hub_04(d) | Discovered new exit (range 15) 16261 | -4/Hub_04(d) | Identified exit to Research 16269 | -4/Hub_04(d) | System corruption reached 30% 16276 | -4/Hub_04(d) | Entered Research 16276 | -3/Research | Evolved 2 slots: Propulsion x2 16452 | -3/Research | Identified exit to Garrison 16543 | -3/Research | Build established: Scavenger-Skirmisher 16589 | -3/Research | Entered Garrison 16597 | -3/Garrison | Expanded RIF knowledge: Zone Cloak 16792 | -3/Garrison | Triggered checkpoint 16793 | -3/Garrison | Spotted B-86 Titan 16852 | -3/Garrison | Triggered checkpoint 16925 | -3/Garrison | Triggered checkpoint 16982 | -3/Garrison | Lost 9 parts (1p2n2u4w) 17033 | -3/Garrison | Lost 5 parts (2p1n1u1w) 17093 | -3/Garrison | Lost 3 parts (2u1w) 17201 | -3/Garrison | Crushed by falling debris 17275 | -3/Garrison | Discovered new exit (range 12) 17330 | -3/Garrison | Triggered checkpoint 17366 | -3/Garrison | Garrison Relay disabled 17486 | -3/Garrison | Entered Research 17706 | -3/Research | Discovered new exit (range 8) 17786 | -3/Research | Identified exit to Research 17828 | -3/Research | Entered another Research area 17828 | -2/Research | Evolved 2 slots: Utility x2 18001 | -2/Research | Build established: Scavenger-Tank 18858 | -2/Research | Spotted B-90 Cyclops 20127 | -2/Research | Found Prototype Device 20127 | -2/Research | Identified Exp. Thermal Shield 20264 | -2/Research | Identified exit to Testing 20578 | -2/Research | First assault squad dispatched 20610 | -2/Research | Discovered new exit (range 21) 20640 | -2/Research | Identified exit to Access 20653 | -2/Research | System corruption reached 10% 20653 | -2/Research | Entered Access 20653 | -1/Access | Evolved 2 slots: Utility x2 20979 | -1/Access | System corruption reached 10% 21062 | -1/Access | Lost 15 parts (1p4n4u6w) 21490 | -1/Access | Build established: Scavenger-Gunner 22142 | -1/Access | Found Prototype Device 22142 | -1/Access | Identified EM Disruption Field 22290 | -1/Access | Lost 11 parts (2p2n2u5w) 22373 | -1/Access | Lost 9 parts (3p1n2u3w) 22407 | -1/Access | System corruption reached 30% 22412 | -1/Access | Core integrity fell below 50% 22459 | -1/Access | Lost 9 parts (1p6u2w) 22613 | -1/Access | Found Hvy. Insulated Plating 22652 | -1/Access | Found Hvy. Reflective Plating 22950 | -1/Access | Build established: Scavenger-Tank 23370 | -1/Access | Found Fusion Bomb Launcher 23656 | -1/Access | Destroyed 9 combat bots 23855 | -1/Access | Found Prototype Device 23855 | -1/Access | Identified Thermal Barrier 23958 | -1/Access | Spotted B-99 Colossus 24090 | -1/Access | Build established: Hacker-Gunner 24153 | -1/Access | First assault squad dispatched 24305 | -1/Access | Lost 3 parts (3u) 24376 | -1/Access | Lost 5 parts (2p3w) 24390 | -1/Access | Destroyed 8 combat bots 25031 | -1/Access | Build established: Hacker-Mutant 25165 | -1/Access | Lost 5 parts (2p3u) 25459 | -1/Access | Core integrity fell below 20% 25552 | -1/Access | Destroyed by G-73 Enforcer with Phase Gun Last Messages --------------- 25538_ The unstable cave ceiling collapses. 25538_ Penetrated by Slug. 25538_ Biometal Heavy Treads destroyed. 25540_ Lgt. Quantum Reactor destroyed. 25541_ Adv. Heat Sink destroyed. 25541_ System corrupted by crushing effect (+4). 25541_ Penetrated by Slug. 25542_ System corrupted: Component data lost. 25544_ The unstable cave ceiling collapses. 25546_ Penetrated by Slug. 25548_ The unstable cave ceiling collapses. 25548_ Biometal Heavy Treads destroyed. 25550_ Enh. Optical Array destroyed. 25550_ Adv. Hacking Suite destroyed. 25550_ System corrupted by crushing effect (+5). 25550_ System corrupted by crushing effect (+4). 25550_ Arm. Heavy Treads destroyed. 25552_ Penetrated by Slug. 25552_ Slug penetrates G-73 Enforcer. 25552_ G-73 Enforcer destroyed. Map ----- +----------------------------------------------------+ | | | | | | | | | | | | | | | | | | | | | | | | | | | ??????????????????????????????????????????????###? | | ?????????????????????????????????????????????# | | ?????????????????????????????????????????????# | | ?????????????????????????????????????????????# | | ?????????????????????????????????????????????# | | ?????????????????????????????#???????????????# | | ???????????????????????????? #???????????????# | | ????????????????????????####g######??????????# | | ????????????????????????# #?????????# | | ???????#########+######## #??????????????? | | ??? %# ######?????????? | | ??? =*%[ #?????????? | | ?????????????+#########g @l #?????????? | | ??????????????????????# b%lg #?????????? | | ??????????????????????# =/h #??????#??? | | ??????????????????????# %% #??????? # | | ??????????????????????# # = ! # + ?????? | | ??????????????????????# *gm%= + ? #####?????? | | ??????????????????????### # % ## ???????????? | | ????????????????????????## # ##? #?????????? | | ????????????????????????#####% #########?????????? | | ????????????????????????# " #???????????? | | ????????????????????????# #???????????? | | ????????????????????????# #???????????? | | ????????????????????????+ #???????????? | | ????????????????????????# " #???? | | ????????????????????????# """" #???????????? | | ????????????????????????+ """"" #??????????? | | ????????????????????????# """"" #???????? | | ????????????????????????# """" #????? ? | | ????????????????????????#|%! " #??? """??? | | ????????????????????????# ! #?? ""????" | | ????????????????????????# #??????????"" | | ????????????????????????##############?????????""? | | ????????????????????????# #??????????????? ?? | | ????????????????????????# #?????????????????? | | ????????????????????????# #???????? | +----------------------------------------------------+ Best States ------------- Heat Dissipation 128 Coolant Potential 100 Energy Generation 45 Energy Capacity 1650 Matter Stores 415 Matter Capacity 550 Sight Range 22 Terrain Scan Range 24 Terrain Scan Density 85 Armor Coverage 2400 Resistance: KI 25 Resistance: TH 50 Resistance: EM 50 Core Shielding 30 Point Defense Rating 160 Weapon Cycling 20 Phase Shifting 15 Evasion (%) 70 Targeting Accuracy 8 Target Analysis 8 Recoil Reduction 6 Kinecelleration 40 Offensive Hacking 40 Defensive Hacking 14 Relay Coupler Types 3 Relay Coupler Value 72 Item Schematics ----------------- Remote Datajack | -6/Factory | Scanalyzed Adv. Focal Shield | -4/Extension | Hacked Robot Schematics ------------------ None Fabricated ------------ Nothing Alien Tech Used ----------------- None Achievements -------------- Can't Touch This Error 47 Knowing Is Half The Battle Short-term Sacrifices Challenges ------------ None Game ------ Seed WeightSuperchargedBlaster Manual? 0 Play Time 06:20:41 Cumulative 106.1 hours Start 2021.11.12 @ 23:20:12 End 2021.11.15 @ 00:47:59 Sessions 13 Manual Loads 0 Difficulty Rogue Special Mode None Game No. 38 Rogue 38 Adventurer 0 Explorer 0 Win Type - Total 1 Types 1/0/0/0/0/0/0/0/0 Lore% 31 Gallery% 54 Achievement% 40 Wizard Run 0 Options --------- ASCII 0 Keyboard 0 Movement Mouse Keybinds 1 Fullscreen 2 Font 18/Terminus Map View 76x50 Tactical HUD 1 Map Filters NONE Filters NONE Steam 1 RUN: afb0e704-921c-472d-a765-6219c53cccfe